 Dungeon Crawl Stone Soup version 0.19-a0-1704-gbd66c22 (webtiles) character file.

1082 GrosslyIncandescent the Insei (level 8, -5/58 HPs)
             Began as a Mummy Monk on Sept 27, 2016.
             Slain by an ogre
             ... wielding a +0 giant spiked club
              (18 damage)
             ... on level 3 of the Dungeon.
             The game lasted 00:17:21 (32791 turns).

GrosslyIncandescent the Insei (Mummy Monk)         Turns: 32791, Time: 00:17:22

Health: -5/58      AC:  7    Str: 14    XL:     8   Next: 8%
Magic:  8/8        EV: 16    Int: 10    God:
Gold:   205        SH:  0    Dex: 16    Spells: 0 memorised, 7 levels left

rFire  x . .     SeeInvis .       - Unarmed
rCold  + . .     Gourm    .     (no armour)
rNeg   + + +     Faith    .     (no shield)
rPois  ∞         Spirit   .     h - +0 helmet
rElec  .         Dismiss  .     e - +0 cloak
rCorr  .         Reflect  .     f - +0 pair of gloves
MR     +....     Harm     .     j - +2 pair of boots
Stlth  ++........               (no amulet)
                                (no ring)
                                (no ring)

@: no status effects
A: no food or potions, fire vulnerability, cold resistance 1, negative energy
resistance 3, torment resistance, unbreathing
a: no special abilities


You were on level 3 of the Dungeon.
You were not hungry.

You visited 1 branch of the dungeon, and saw 6 of its levels.

You collected 335 gold pieces.
You spent 130 gold pieces at shops.


Innate Abilities, Weirdness & Mutations

You do not eat or drink.
Your flesh is vulnerable to fire.
You are immune to poison.
Your flesh is cold resistant. (rC+)
You are immune to negative energy. (rN+++)
You are immune to unholy pain and torment.
You can survive without breathing.


   Skills:
 - Level 3.0 Fighting
 - Level 5.8 Dodging
 - Level 1.5 Stealth
 + Level 6.4 Unarmed Combat


You had 7 spell levels left.
You didn't know any spells.

Inventory:

Hand Weapons
 l - a +0 rapier {IncestElf}
Armour
 e - a +0 cloak (worn)
 f - a +0 pair of gloves (worn)
 h - a +0 helmet (worn)
 j - a +2 pair of boots (worn)
 m - a +2 robe of cold resistance {Incest elf 2}
Scrolls
 a - 5 scrolls of remove curse
 b - 3 scrolls of teleportation {@r4}
 c - a scroll of recharging
 d - 2 scrolls of identify {@r1}
 g - a scroll of amnesia
 i - a scroll of noise {!r}
 k - a scroll of fog

Dungeon Overview and Level Annotations

Branches:
Dungeon (6/15)
 Temple: D:4-7

Altars:
Hepliaklqana
Nemelex Xobeh
Ru

Shops:
D:5

[ ▒▒▒.............▒▒▒.)..▒▒....▒
▒.....)..▒▒...▒▒▒▒▒.▒▒▒▒.....▒
▒▒▒.▒.................▒▒.......▒
....!........▒..▒▒.........<...▒
....▒▒▒...▒▒▒▒▒..▒.▒.▒▒.▒▒▒▒▒▒▒▒
.▒▒▒▒ ▒...▒ ▒▒........▒
.▒▒▒▒▒▒...▒ ▒▒▒....▒▒▒▒▒
.▒.....▒.▒▒ ▒▒.O..▒▒▒
.....%...▒▒▒▒..▒M.▒▒
....%.....▒........▒
...................▒▒
................[...▒
.............▒▒.....▒
...........>......▒▒▒
........[.....[...▒
................>.▒
...!....).........▒


You could see an ogre.


Message History

There is a stone staircase leading down, spattered with blood here!
You see here a stone!
You swing at nothing!
You swing at nothing!
The ogre mage casts a spell at the ogre!
The ogre seems to speed up!
You swing at nothing!
The ogre mage casts a spell at you!
You are confused!
The ogre closely misses you!
In your confused state, you trip and fall down the stairs!
You climb downwards!
There is a stone staircase leading up here!
The ogre barely misses you!
You're too confused to move!!!
The ogre hits you with a giant spiked club!!!!!!
You're too confused to move!!!
You feel less confused! The ogre misses you!
The ogre hits you with a giant spiked club!!! * * * don't die
* * * The ogre closely misses you!
The ogre barely misses you!
The ogre hits you with a giant spiked club!!! * * * don't die
* * * The ogre misses you!
The ogre barely misses you! The ogre misses you!
The ogre hits you with a giant spiked club!!!!!! rip

Action                   |  1- 3 |  4- 6 |  7- 9 || total
-------------------------+-------+-------+-------++-------
Melee: Unarmed           |   153 |   371 |   203 ||   727
       Punch             |     3 |     8 |     7 ||    18
  Use: Scroll            |       |       |     8 ||     8
 Stab: Sleeping          |     5 |     2 |       ||     7
       Distracted        |       |     1 |       ||     1
Armor: Skin              |    19 |    61 |    35 ||   115
Dodge: Dodged            |   124 |   282 |   130 ||   536

Vault maps used:
D:1:      lemuel_arrival_hallway
D:2:      first_bread, minmay_strange_pillars, uniq_robin
D:3:      amethyst_overflow_temple_binary, uniq_iyjb, uniq_sigmund
D:4:      nicolae_ru_path_of_blood, uniq_duvessa
D:5:      serial_shops, nicolae_shop_behind_doors, shop
D:6:      minmay_misc_feat_columns

Notes
Turn   | Place    | Note
-------+----------+-------------------------------------------
     0 | D:1      | GrosslyIncandescent the Mummy Monk began the quest for the Orb.
     0 | D:1      | Reached XP level 1. HP: 18/18 MP: 1/1
   296 | D:1      | Reached XP level 2. HP: 10/24 MP: 2/2
   527 | D:1      | Reached skill level 3 in Unarmed Combat
  1401 | D:1      | Reached XP level 3. HP: 29/29 MP: 3/3
  1699 | D:2      | Reached skill level 4 in Unarmed Combat
  1813 | D:2      | Reached XP level 4. HP: 35/35 MP: 4/4
  1816 | D:2      | You fall through a shaft!
  2291 | D:2      | Noticed Robin
  2317 | D:2      | Killed Robin
  2882 | D:3      | Noticed Ijyb
  2942 | D:3      | Killed Ijyb
  2942 | D:3      | Reached XP level 5. HP: 21/41 MP: 5/5
  3136 | D:3      | Noticed Sigmund
  5398 | D:1      | Reached skill level 5 in Unarmed Combat
  6806 | D:1      | Noticed a centaur warrior
  8903 | D:1      | Noticed a death knight
 19539 | D:1      | Noticed a hippogriff
 19620 | D:3      | Killed Sigmund
 19620 | D:3      | Reached skill level 4 in Dodging
 19620 | D:3      | Reached XP level 6. HP: 31/47 MP: 6/6
 19907 | D:3      | Found a hazy altar of Hepliaklqana.
 19907 | D:3      | Found a sparkling altar of Nemelex Xobeh.
 20046 | D:4      | Noticed Duvessa
 20046 | D:4      | Noticed Dowan
 20399 | D:4      | Killed Dowan
 20855 | D:3      | You fall through a shaft for 3 floors!
 21226 | D:6      | Reached XP level 7. HP: 50/52 MP: 7/7
 21512 | D:5      | Entered Level 5 of the Dungeon
 21804 | D:5      | Reached skill level 6 in Unarmed Combat
 22152 | D:5      | Reached skill level 5 in Dodging
 22225 | D:5      | Found Runymaqo's Antique Armour Emporium.
 22232 | D:5      | Bought a cloak for 130 gold pieces
 22976 | D:4      | Found a sacrificial altar of Ru.
 23049 | D:3      | Killed Duvessa
 27969 | D:2      | Noticed an ettin
 28059 | D:3      | Reached XP level 8. HP: 58/58 MP: 8/8
 32613 | D:2      | Noticed a two-headed ogre
 32761 | D:2      | Noticed an ogre mage
 32791 | D:3      | Slain by an ogre

Vanquished Creatures
  Sigmund (D:3)
  Duvessa (D:3)
  An ogre (D:3)
  2 bullfrogs (D:6)
  A scorpion (D:4)
  Dowan (D:4)
  A crimson imp (D:3)
  An orc priest (D:6)
  2 hounds (D:5)
  2 iguanas
  Ijyb (D:3)
  An orc wizard (D:5)
  A worker ant (D:4)
  2 hound zombies
  Robin (D:2)
  A gnoll (D:1)
  9 adders
  A shadow imp (D:5)
  An adder skeleton (D:4)
  2 worms
  4 dart slugs
  3 leopard geckos
  5 orcs
  2 ball pythons
  13 bats
  5 giant cockroaches
  12 goblins
  13 hobgoblins
  17 jackals
  4 kobolds
  2 quokkas
  7 frilled lizards
  11 rats
131 creatures vanquished.
